 Dungeon Crawl Stone Soup version 0.30-a0-219-gf2db51d15e (webtiles) character file.

Game seed: 4596191463001927857

10793 Decritt the Covert (level 11, -6/56 HPs)
             Began as a Spriggan Enchanter on Oct 7, 2022.
             Was a Priest of Dithmenos.
             Mangled by a yak (14 damage)
             ... on level 11 of the Dungeon.
             The game lasted 00:47:29 (12676 turns).

Decritt the Covert (Spriggan Enchanter)            Turns: 12676, Time: 00:47:30

Health: -6/56      AC:  3    Str:  4    XL:     11   Next: 40%
Magic:  20/24      EV: 27    Int: 23    God:    Dithmenos [***...]
Gold:   1074       SH:  5    Dex: 26    Spells: 13/27 levels left

rFire   . . .      SeeInvis +    o - +7 dagger of Dominance {vorpal, rPois rF- Will++ rCorr}
rCold   + . .      Faith    .    (no shield)
rNeg    . . .      Spirit   .    b - +1 robe
rPois   +          Reflect  +    (helmet restricted)
rElec   .          Harm     .    m - scarf {rC+ rF+}
rCorr   +          Rampage  .    (gloves unavailable)
Will    +++..                    (boots unavailable)
Stlth   ++++++++..               e - amulet of reflection
HPRegen 0.29/turn                d - +6 ring of intelligence
MPRegen 0.19/turn                y - +6 ring of dexterity

@: confusing by touch, wreathed by umbra, very quick
A: very small, no large weapons, unfitting armour, see invisible, speed 3
a: Renounce Religion, Shadow Step


You were on level 11 of the Dungeon.
You worshipped Dithmenos.
Dithmenos was most pleased with you.
You visited 2 branches of the dungeon, and saw 12 of its levels.
You also visited: Bailey and Ice Cave.

You collected 1255 gold pieces.
You spent 181 gold pieces at shops.

Inventory:

Hand Weapons
 o - the +7 dagger of Dominance (weapon) {vorpal, rPois rF- Will++ rCorr}
   (You took it off an orc wizard on level 7 of the Dungeon)

   It inflicts extra damage upon your enemies.
   rF:        It makes you vulnerable to fire.
   rPois:     It protects you from poison.
   rCorr:     It protects you from acid and corrosion.
   Will:      It greatly increases your willpower.
 N - the +8 demon blade "Leech" {vamp, Harm Drain rN+}
   (You found it in an ice cave)

   It heals its wielder for a portion of the damage dealt every time it strikes
   a living foe.
   rN:        It protects you from negative energy.
   Drain:     It drains your maximum health when unequipped.
   Harm:      It increases damage dealt and taken.
Missiles
 M - 2 throwing nets (quivered)
Armour
 b - a +1 robe (worn)
 m - a scarf of resistance (worn)
 t - quicksilver dragon scales
 F - a +2 cloak
Jewellery
 d - a +6 ring of intelligence (left hand)
 e - an amulet of reflection (around neck)
 j - an amulet of magic regeneration
 q - an amulet of regeneration
 y - a +6 ring of dexterity (right hand)
 A - a ring of fire
 I - a ring of ice
Wands
 k - a wand of acid (5)
 l - a wand of polymorph (19)
 B - a wand of mindburst (12)
 C - a wand of flame (39)
 L - a wand of charming (4)
Scrolls
 f - a scroll of summoning
 g - a scroll of immolation
 h - 2 scrolls of poison
 i - 3 scrolls of vulnerability
 r - 4 scrolls of identify
 s - 5 scrolls of amnesia
 u - 3 scrolls of blinking
 w - a scroll of fog
 E - 5 scrolls of teleportation
 H - a scroll of magic mapping
 J - a scroll of enchant weapon
 K - a scroll of brand weapon
 O - a scroll of fear
Potions
 a - a potion of brilliance
 c - 5 potions of invisibility
 n - 2 potions of curing
 p - 2 potions of might
 v - 3 potions of heal wounds
 x - a potion of mutation
 z - 2 potions of haste
 D - a potion of lignification
 G - 5 potions of flight


   Skills:
 + Level 5.8 Fighting
 + Level 7.8 Short Blades
 + Level 3.5 Armour
 + Level 9.6 Dodging
 + Level 11.8 Stealth
 + Level 8.9 Spellcasting
 + Level 9.3 Hexes
 - Level 3.0 Translocations


You had 13 spell levels left.
You knew the following spells:

 Your Spells              Type           Power      Damage    Failure   Level
a - Confusing Touch       Hex            52%        N/A       1%          3
b - Dazzling Flash        Conj/Hex       62%        N/A       2%          3
c - Ensorcelled Hibernat  Hex/Ice        62%        N/A       1%          2
d - Tukima's Dance        Hex            52%        N/A       1%          3
e - Apportation           Tloc           48%        N/A       1%          1
f - Passwall              Tmut/Erth      8%         N/A       10%         2

Your spell library contained the following spells:

 Spells                   Type           Power      Damage    Failure   Level
 Freeze                   Ice            40%        1d6       6%          1
 Fulminant Prism          Conj/Hex       15%        3d11      9%          4
 Scorch                   Fire           20%        2d6       10%         2
 Kindle Blastsparks       Fire/Tloc/Air  28%        2d12      13%         3
 Frozen Ramparts          Ice            20%        1d4       19%         3
 Hailstorm                Conj/Ice       10%        3d5       19%         3
 Swiftness                Air            10%        N/A       19%         3
 Manifold Assault         Tloc           24%        N/A       19%         4
 Iskenderun's Mystic Bla  Conj/Tloc      17%        2d5       34%         4
 Flame Wave               Conj/Fire      10%        2d6       54%         4
 Alistair's Intoxication  Tmut/Pois      6%         N/A       87%         5
 Blade Hands              Tmut           5%         N/A       87%         5
 Irradiate                Conj/Tmut      5%         3d13      87%         5
 Lee's Rapid Deconstruct  Erth           5%         3d7*      87%         5
 Dispersal                Tloc           12%        N/A       96%         6
 Summon Cactus Giant      Summ           5%         N/A       100%        6
 Dragon Form              Tmut           5%         N/A       100%        7
 Disjunction              Tloc           12%        N/A       100%        8


Dungeon Overview and Level Annotations

Branches:
Dungeon (11/15)            Temple (1/1) D:4            Lair (0/5) D:8
    Orc (0/2) D:11         Bailey (visited)           IceCv (visited)

Altars:
Ashenzari
Dithmenos
Elyvilon
Kikubaaqudgha
Nemelex Xobeh
Qazlal
Sif Muna
Vehumet
Wu Jian
Xom
Yredelemnul
Zin
The Shining One

Shops:
D:3 =   D:7 ?

Annotations:
D:11 Lodul


Innate Abilities, Weirdness & Mutations

You are very small and have problems with some larger weapons.
You are too small for most types of armour.
You have supernaturally acute eyesight. (SInv)
You cover ground extremely quickly. (Speed+++)


Message History

Confirm with . or Enter, or press ? or * to list all spells.
Your hands begin to glow red.
You hit the white ugly thing but do no damage.
The white ugly thing completely misses you.
You hit the white ugly thing but do no damage.
The white ugly thing appears confused.
You hit the white ugly thing but do no damage.
You punch the white ugly thing.
The white ugly thing is lightly wounded.
You puncture the white ugly thing!
The white ugly thing is lightly wounded.
You block the white ugly thing's attack.
The white ugly thing punches itself but does no damage.
You hit the white ugly thing.
The white ugly thing is moderately wounded.
You hit the white ugly thing but do no damage.
The white ugly thing is moderately wounded.
You hit the white ugly thing.
The white ugly thing is moderately wounded.
You block the white ugly thing's attack.
You catch the helpless white ugly thing completely off-guard!
You spit the white ugly thing like a pig!!!
You kill the white ugly thing!
Dithmenos accepts your kill. The death yak simulacrum gores you.
The death yak simulacrum freezes you! You resist.
Casting: Confusing Touch (safe; 1% risk of failure)
Confirm with . or Enter, or press ? or * to list all spells.
Your hands begin to glow red.
The death yak simulacrum gores you!!
* * * LOW HITPOINT WARNING * * *
The death yak simulacrum freezes you! You resist.
* * * LOW HITPOINT WARNING * * *
The death yak simulacrum barely misses you.
There is an ice choked empty arch of ancient stone, spattered with blood here.
There is an ice covered gate leading back out of this place here.
Okay, then.
Welcome back to the Dungeon!
Level annotation: Lodul The yak gores you!
You die...

,,,,,,+,*****,,,,* *,,*,,,,#.....
,,,,,,*,*****,,,,***,,+,,,,#.....
,,,,***,,,,,,,,,,,,,,,*****#.....
********+#######################'
,,,,*,,,,................#.......
,,,,*,,,,................#......<
,,,,+,,,,.......#........#.......
,,,,*,,,,.....O..........+.......
,,,,*,,,,,....#Y@.#......#.......
,,,,#..........Y.........#......Y
,,,,#.......O..Y#........#.......
,,..*#..................##.......
,...##.........#........##.......
,.......................#........
,........O..............#........
.<......................+........
............)...........#........


You could see Lodul, 3 yaks and 2 ogres.

Vanquished Creatures
  2 hydras (D:8)
  A two-headed ogre (D:9)
  An ugly thing (IceCv)
  7 centaur zombies (D:10)
  Joseph (D:8)
  A meliai (D:8)
  2 komodo dragons
  A troll (D:9)
  A hornet (D:9)
  Prince Ribbit (D:5)
  3 shadows (D:10)
  2 vampires (D:10)
  3 steam dragons
  A death yak simulacrum (IceCv)
  Edmund (D:5)
  An acid dragon (D:10)
  Duvessa (D:5)
  2 ice beasts
  6 orc warriors
  A black bear (D:4)
  4 phantoms
  3 bullfrogs
  3 necrophages
  3 scorpions
  3 gnoll sergeants
  2 wights (D:6)
  Dowan (D:5)
  An elephant simulacrum (IceCv)
  8 killer bees
  5 howler monkeys
  4 hounds
  A jelly (D:6)
  Crazy Yiuf (D:7)
  4 orc priests
  3 iguanas
  11 orc wizards
  6 adders
  13 gnolls
  2 white imps (D:5)
  3 ufetubi
  A worm (D:2)
  33 orcs
  6 ball pythons
  2 endoplasms (D:3)
  3 giant cockroaches
  5 goblins
  5 hobgoblins
  5 quokkas
  5 bats
  3 frilled lizards
  15 kobolds
  3 rats
206 creatures vanquished.

Vanquished Creatures (collateral kills)
  Sigmund (D:6)
  An orc warrior (Bailey)
  A gnoll sergeant (D:9)
  A wight (D:6)
  A killer bee (D:8)
  5 gnolls
  2 orcs (D:6)
  2 kobolds (Bailey)
14 creatures vanquished.

Vanquished Creatures (others)
  11 dancing weapons
  2 fungi (D:1)
  A plant (D:4)
  5 withered plants (D:10)
19 creatures vanquished.

Grand Total: 239 creatures vanquished

Notes
Turn   | Place    | Note
-------+----------+-------------------------------------------
     0 | D:1      | Decritt the Spriggan Enchanter began the quest for the Orb.
     0 | D:1      | Reached XP level 1. HP: 9/9 MP: 5/5
   444 | D:1      | Reached XP level 2. HP: 12/14 MP: 6/6
  1386 | D:2      | You fall into a shaft and drop 2 floors!
  1420 | D:3      | Learned a level 2 spell: Ensorcelled Hibernation
  1498 | D:3      | Reached XP level 3. HP: 17/17 MP: 3/8
  1875 | D:3      | Found Qojien's Jewellery Shoppe.
  1992 | D:3      | Found a faded altar of an unknown god.
  2061 | D:3      | Noticed a bullfrog
  2067 | D:3      | Killed a bullfrog
  2068 | D:3      | Reached skill level 1 in Fighting
  2068 | D:3      | Reached skill level 5 in Stealth
  2068 | D:3      | Reached XP level 4. HP: 22/22 MP: 6/10
  2650 | D:2      | Reached XP level 5. HP: 25/25 MP: 8/11
  3059 | D:4      | Noticed a phantom
  3061 | D:4      | Noticed a black bear
  3083 | D:4      | Noticed a phantom
  3088 | D:4      | Killed a black bear
  3147 | D:4      | Reached XP level 6. HP: 30/30 MP: 9/12
  3261 | D:4      | Reached skill level 6 in Stealth
  3307 | D:4      | Reached skill level 5 in Hexes
  3445 | D:4      | Learned a level 3 spell: Confusing Touch
  3449 | D:4      | Learned a level 3 spell: Tukima's Dance
  3532 | D:4      | Found a staircase to the Ecumenical Temple.
  3541 | Temple   | Entered the Ecumenical Temple
  3627 | Temple   | Became a worshipper of Dithmenos the Shadowed
  3844 | D:4      | Reached XP level 7. HP: 35/35 MP: 14/14
  4237 | D:5      | Entered Level 5 of the Dungeon
  4243 | D:5      | Reached skill level 5 in Dodging
  4281 | D:5      | Found an ornate altar of the Wu Jian Council.
  4351 | D:5      | Noticed Edmund
  4365 | D:5      | Killed Edmund
  4366 | D:5      | Reached skill level 7 in Stealth
  4466 | D:5      | Noticed Prince Ribbit
  4481 | D:5      | Killed Prince Ribbit
  4482 | D:5      | Reached skill level 5 in Spellcasting
  4569 | D:5      | Reached XP level 8. HP: 38/39 MP: 12/16
  4748 | D:5      | Found a glowing silver altar of Zin.
  4748 | D:5      | Found a white marble altar of Elyvilon.
  4748 | D:5      | Found a glowing golden altar of the Shining One.
  4799 | D:5      | Noticed Duvessa
  4803 | D:5      | Noticed Dowan
  4824 | D:5      | Killed Duvessa
  4834 | D:5      | Killed Dowan
  4909 | D:5      | Found a stormy altar of Qazlal.
  4909 | D:5      | Noticed Sigmund
  4965 | D:5      | Reached skill level 8 in Stealth
  5145 | D:5      | Found a radiant altar of Vehumet.
  5684 | D:6      | Reached skill level 5 in Short Blades
  5904 | D:6      | Reached * piety under Dithmenos
  6068 | D:6      | Killed Sigmund
  6069 | D:6      | Reached XP level 9. HP: 27/45 MP: 15/19
  6526 | D:6      | Reached skill level 9 in Stealth
  7263 | D:7      | Learned a level 1 spell: Apportation
  7267 | D:7      | Learned a level 3 spell: Dazzling Flash
  7357 | D:7      | Found a runed translucent door.
  7358 | D:7      | Noticed Crazy Yiuf
  7365 | D:7      | Killed Crazy Yiuf
  7519 | D:7      | Identified the +7 dagger of Dominance {vorpal, rPois rF-
                  | Will++ rCorr}
  7558 | D:7      | Reached skill level 1 in Translocations
  7688 | D:7      | Found Muufeged's Magic Scroll Shop.
  8006 | D:7      | Learned a level 2 spell: Passwall
  8151 | D:7      | Bought a scroll of blinking for 82 gold pieces
  8151 | D:7      | Bought a scroll of teleportation for 33 gold pieces
  8151 | D:7      | Bought a scroll of teleportation for 33 gold pieces
  8151 | D:7      | Bought a scroll of teleportation for 33 gold pieces
  8454 | D:8      | Found an ancient bone altar of Kikubaaqudgha.
  8608 | D:8      | Reached skill level 1 in Armour
  8685 | D:8      | Found a staircase to the Lair.
  8753 | D:8      | Noticed a meliai
  8759 | D:8      | Killed a meliai
  8788 | D:8      | Noticed a five-headed hydra
  8795 | D:8      | Killed a five-headed hydra
  8796 | D:8      | Reached skill level 10 in Stealth
  8816 | D:8      | Noticed a five-headed hydra
  8819 | D:8      | Killed a five-headed hydra
  8820 | D:8      | Reached XP level 10. HP: 51/51 MP: 22/22
  8935 | D:8      | Noticed Joseph
  8961 | D:8      | Killed Joseph
  8988 | D:8      | Found a flagged portal.
  8997 | Bailey   | Entered a bailey
  9067 | Bailey   | Reached ** piety under Dithmenos
  9733 | D:9      | Reached skill level 5 in Fighting
 10028 | D:9      | Reached *** piety under Dithmenos
 10224 | D:9      | Noticed a two-headed ogre
 10231 | D:9      | Killed a two-headed ogre
 10232 | D:9      | Reached skill level 11 in Stealth
 10949 | D:10     | Entered Level 10 of the Dungeon
 11057 | D:10     | Reached XP level 11. HP: 24/56 MP: 16/24
 12119 | D:10     | Found a sparkling altar of Nemelex Xobeh.
 12484 | D:11     | Noticed Lodul
 12527 | D:11     | Noticed a boulder beetle
 12533 | D:11     | Found a frozen archway.
 12545 | IceCv    | Entered an ice cave
 12621 | IceCv    | Found the +8 demon blade "Leech" {vamp, Harm Drain rN+}
 12633 | IceCv    | Noticed a white ugly thing
 12667 | IceCv    | Killed a white ugly thing
 12676 | D:11     | Mangled by a yak

Illustrated notes

Levels and vault maps discovered:
D:1:      saegor_arrival_fortress, layout_loops_corners,
          minmay_shallow_snake_nest
D:2:      layout_basic
D:3:      layout_loops_ring, serial_shops, shop, chequers_ecumenical_altar_grove
D:4:      layout_cave_pools, minmay_temple_entry_overgrown, minmay_pentangle
D:5:      layout_gridville, good_gods_mini_temple, grunt_qazlal_sundering,
          pdpol_wu_jian_five_deadly_venoms, lemuel_crystal_altar,
          kennysheep_path_1, uniq_prince_ribbit1, uniq_sigmund, uniq_edmund,
          uniq_duvessa
D:6:      layout_cave_pools, minivault_27, minmay_misc_feat_alley,
          hellmonk_bongcloud_opening
D:7:      layout_basic, serial_shops, nicolae_shop_trees,
          uniq_crazy_yiuf_cottage
D:8:      layout_gridville, kiku_gazebo_garden_becter, lair_entry_dummy,
          enter_bailey_2, wad_mini_maze, uniq_joseph
D:9:      layout_loops_ring, minmay_misc_feat_rows, billiards_dpeg
D:10:     layout_basic, kennysheep_mini_moat, serial_undead, serial_undead_d,
          serial_undead_b, serial_undead_a, serial_undead_a,
          nicolae_straight_to_the_point
D:11:     layout_stronghold, hiddenorc2_lemuel, portal_ice_cave_entry_pillars_1,
          uniq_nergalle, uniq_lodul
Temple:   minmay_temple_curvy_branch

Skill      XL: |  1  2  3  4  5  6  7  8  9 10 11 |
---------------+----------------------------------+-----
Dodging        | 3 4 5 6 8 9 |  9.6
Spellcasting   | 3 4 5 6 7 8 |  8.9
Hexes          | 4 5 6 8 9 |  9.3
Fighting       | 1 2 3 4 5 |  5.8
Short Blades   | 2 3 4 5 6 7 |  7.8
Stealth        | 5 6 7 8 10 11 | 11.8
Translocations | 3 |  3.0
Armour         | 1 3 |  3.5

Action                   |  1- 3 |  4- 6 |  7- 9 | 10-12 || total
-------------------------+-------+-------+-------+-------++-------
Melee: Dagger            |    90 |   120 |   384 |   236 ||   830
       Punch             |     3 |     2 |     2 |     6 ||    13
 Cast: Ensorcelled Hiber |     9 |    10 |    53 |    34 ||   106
       Tukima's Dance    |       |     2 |    21 |    30 ||    53
       Confusing Touch   |       |       |    21 |    24 ||    45
       Apportation       |       |       |     2 |       ||     2
       Passwall          |       |       |       |     1 ||     1
  Use: Scroll            |     3 |     7 |    14 |     4 ||    28
 Stab: Sleeping          |    12 |    13 |    31 |    31 ||    87
       Distracted        |     1 |       |       |       ||     1
       Confused          |       |       |    16 |    19 ||    35
Armor: Robe              |     5 |    14 |    13 |     4 ||    36
       Quicksilver drago |       |       |       |     3 ||     3
Dodge: Dodged            |    78 |    80 |   195 |   189 ||   542
Block: Other             |    17 |    20 |    48 |    47 ||   132
       Reflection        |       |       |       |     1 ||     1

Table legend: (Time is in decaauts)
 A = Elapsed time spent in this place.
 B = Non-inter-level travel time spent in this place.
 C = Inter-level travel time spent in this place.
 D = Time resting spent in this place.
 E = Time spent auto-exploring this place.
 F = Levels seen in this place.
 G = Mean time per level.
                   A        B        C        D        E       F      G
               +--------+--------+--------+--------+--------+-----+--------+
         Total |   9216 |   9037 |    179 |   1788 |   4544 |  14 |  658.3 |
       Dungeon |   8696 |   8531 |    165 |   1697 |   4335 |  11 |  790.5 |
        Temple |     68 |     55 |     13 |      0 |     50 |   1 |   68.0 |
        Bailey |    339 |    339 |      0 |     37 |    158 |   1 |  339.0 |
      Ice Cave |    112 |    112 |      0 |     54 |      0 |   1 |  112.0 |
               +--------+--------+--------+--------+--------+-----+--------+

Top non-repeatable levels by time:
     D:6: 1177 daAuts
     D:7: 1076 daAuts
    D:10: 1000 daAuts
     D:9: 943 daAuts
     D:1: 896 daAuts
     D:4: 845 daAuts
     D:5: 743 daAuts
     D:3: 657 daAuts
     D:8: 596 daAuts
     D:2: 500 daAuts
  Bailey: 339 daAuts
    D:11: 258 daAuts
   IceCv: 112 daAuts
  Temple: 68 daAuts
